 Dungeon Crawl Stone Soup version 0.20-a0-738-gb057e68 (webtiles) character file.

3331 Minion the Grappler (level 9, -1/83 HPs)
             Began as a Troll Monk on Feb 24, 2017.
             Slain by a sky beast (5 damage)
             ... on level 8 of the Dungeon.
             The game lasted 00:08:14 (5160 turns).

Minion the Grappler (Troll Monk)                    Turns: 5160, Time: 00:08:17

Health: -1/83      AC:  6    Str: 21    XL:     9   Next: 71%
Magic:  8/8        EV: 12    Int:  6    God:
Gold:   293        SH:  3    Dex: 15    Spells: 8/8 levels left

rFire    . . .     SeeInvis .     - Unarmed
rCold    . . .     Gourm    +   a - +0 robe
rNeg     . . .     Faith    .   (no shield)
rPois    .         Spirit   .   (helmet restricted)
rElec    .         Reflect  +   w - +0 cloak
rCorr    +         Harm     .   (gloves unavailable)
MR       .....                  (boots unavailable)
Stlth    ++........             d - +3 amulet of reflection
Regen    0.7/turn               n - ring of resist corrosion
MPRegen  0.2/turn               (no ring)

@: lethally poisoned (-1 -> -4)
A: unfitting armour, claws 3, fast metabolism 3, gourmand, regeneration 1,
shaggy fur 1, tough skin 2
a: no special abilities


You were on level 8 of the Dungeon.
You were completely stuffed.

You visited 2 branches of the dungeon, and saw 9 of its levels.

You collected 293 gold pieces.

Inventory:

Armour
 a - a +0 robe (worn)
 w - a +0 cloak (worn)
Jewellery
 d - a +3 amulet of reflection (around neck)
 n - a ring of resist corrosion (right claw)
 v - an uncursed amulet of magic regeneration
Wands
 k - a wand of polymorph (8/24)
 x - a wand of digging (12/24)
 y - a wand of digging (16/24)
 A - a wand of clouds (5/9)
 C - a wand of iceblast (5/15)
 D - a wand of polymorph (12/24)
 F - a wand of lightning (7/15)
Scrolls
 e - 3 scrolls of recharging
 f - a scroll of identify
 i - 3 scrolls of amnesia
 j - 3 scrolls of remove curse
 m - 2 scrolls of teleportation
 s - 3 scrolls of magic mapping {unknown}
 t - a scroll of enchant armour {unknown}
 B - 2 scrolls of fog {unknown}
Potions
 c - 3 potions of curing
 g - 3 potions of brilliance {unknown}
 h - 3 potions of heal wounds
 o - 2 potions of agility {unknown}
 p - 4 potions of mutation {unknown}
 q - a potion of resistance {unknown}
 r - 3 potions of lignification {unknown}
 z - 2 potions of flight {unknown}
Comestibles
 b - 9 bread rations
 l - 7 royal jellies
 u - 6 meat rations


   Skills:
 + Level 3.3 Fighting
 * Level 2.1 Armour
 + Level 4.8 Dodging
 - Level 1.0 Stealth
 + Level 12.3 Unarmed Combat


You had 8 spell levels left.
You didn't know any spells.

Dungeon Overview and Level Annotations

Branches:
Dungeon (8/15)             Temple (1/1) D:5
   Lair: D:8-11

Altars:
Ashenzari
Cheibriados
Dithmenos
Elyvilon
Fedhas
Gozag
Hepliaklqana
Kikubaaqudgha
Makhleb
Nemelex Xobeh
Okawaru
Qazlal
Ru
Sif Muna
Trog
Uskayaw
Vehumet
Wu Jian
Xom
Yredelemnul
Zin
The Shining One

Shops:
D:5 }


Innate Abilities, Weirdness & Mutations

You are too large for most types of armour.
You have claws for hands.
Your metabolism is lightning-fast.
You like to eat raw meat.
Your natural rate of healing is unusually fast.
You are covered in fur. (AC +1)
You have very tough skin. (AC +2)


Message History

You claw the orc warrior!
The orc warrior is heavily wounded.
You feel sick.
The adder moves out of view.
Something hits you. Something shocks you.
The orc wizard mumbles some strange words.
The orc wizard flickers and vanishes!
The orc wizard casts a spell.
The orc wizard flickers and vanishes!
You claw the orc warrior!
The orc warrior is almost dead.
You feel sick.
The orc warrior hits you with a halberd!!
Something hits you. Something shocks you. Something hits you.
You feel sick.
The orc warrior hits you from afar with a halberd!
* * * LOW HITPOINT WARNING * * *
The orc barely misses you. Something hits you.
* * * LOW HITPOINT WARNING * * *
Something shocks you.
You die...

#.. ... .#
###..##... ...
###.........
....##...........
#...#............
..........oO.....
.........o{oS....
.......<@.o#
......)..###
.......†.#
..........#
......#...#
..........#
.......(.##
.....##### .....


You could see an orc warrior, an ogre, an adder and 3 orcs.

Vanquished Creatures
  Pikel (D:5)
  Grinder (D:5)
  Sigmund (D:5)
  Eustachio (D:6)
  A yak (D:7)
  A human (D:7)
  3 hogs (D:7)
  Menkaure (D:5)
  A water moccasin (D:8)
  A slave (D:5)
  A phantom (D:4)
  3 ice beasts
  A black bear (D:7)
  2 centaurs
  A bullfrog (D:7)
  A wyvern zombie (D:6)
  2 scorpions
  A crimson imp (D:6)
  2 hounds
  A bullfrog zombie (D:5)
  2 orc priests
  A gnoll shaman (D:5)
  6 worker ants
  A hound zombie (D:5)
  A howler monkey zombie (D:6)
  7 gnolls
  9 adders
  A shadow imp (D:7)
  An adder zombie (D:6)
  An adder skeleton (D:4)
  5 worms
  10 leopard geckos
  18 orcs
  2 giant cockroaches (D:2)
  6 goblins
  4 hobgoblins
  9 jackals
  9 kobolds
  4 quokkas
  A ball python skeleton (D:5)
  3 bats
  7 frilled lizards
  A quokka skeleton (D:7)
  10 rats
146 creatures vanquished.

Vanquished Creatures (others)
  3 jackals (D:5)
  A quokka (D:5)
  A ball python (D:5)
5 creatures vanquished.

Grand Total: 151 creatures vanquished

Notes
Turn   | Place    | Note
-------+----------+-------------------------------------------
     0 | D:1      | Minion the Troll Monk began the quest for the Orb.
     0 | D:1      | Reached XP level 1. HP: 22/22 MP: 0/0
   121 | D:1      | Reached XP level 2. HP: 29/29 MP: 1/1
   799 | D:2      | Reached skill level 4 in Unarmed Combat
   803 | D:2      | Reached XP level 3. HP: 21/36 MP: 2/2
  1054 | D:2      | Reached skill level 5 in Unarmed Combat
  1054 | D:2      | Reached XP level 4. HP: 42/44 MP: 3/3
  1601 | D:3      | Reached XP level 5. HP: 47/50 MP: 4/4
  1930 | D:4      | Found an ancient bone altar of Kikubaaqudgha.
  1937 | D:4      | Found a stormy altar of Qazlal.
  1937 | D:4      | Found a bloodstained altar of Trog.
  1937 | D:4      | Found a white marble altar of Elyvilon.
  1952 | D:4      | Reached skill level 6 in Unarmed Combat
  1977 | D:4      | Found a shattered altar of Ashenzari.
  1978 | D:4      | Found a radiant altar of Vehumet.
  1980 | D:4      | Found an ornate altar of the Wu Jian Council.
  2238 | D:4      | Reached XP level 6. HP: 59/59 MP: 5/5
  2280 | D:4      | Reached skill level 7 in Unarmed Combat
  2629 | D:5      | Entered Level 5 of the Dungeon
  2683 | D:5      | Noticed Grinder
  2708 | D:5      | Killed Grinder
  2708 | D:5      | Reached skill level 8 in Unarmed Combat
  2708 | D:5      | Reached XP level 7. HP: 48/66 MP: 6/6
  2801 | D:5      | Noticed Sigmund
  2810 | D:5      | Killed Sigmund
  2907 | D:5      | Noticed Pikel
  2908 | D:5      | Found Himousse's Gadget Emporium.
  2927 | D:5      | Killed Pikel
  2927 | D:5      | Reached skill level 9 in Unarmed Combat
  2927 | D:5      | Reached XP level 8. HP: 64/74 MP: 7/7
  2980 | D:5      | Found a staircase to the Ecumenical Temple.
  2987 | Temple   | Entered the Ecumenical Temple
  3293 | D:5      | Noticed Menkaure
  3302 | D:5      | Killed Menkaure
  3302 | D:5      | Reached skill level 10 in Unarmed Combat
  3917 | D:6      | Noticed Eustachio
  3925 | D:6      | Killed Eustachio
  4234 | D:6      | Reached skill level 11 in Unarmed Combat
  4251 | D:6      | Reached XP level 9. HP: 72/80 MP: 8/8
  4715 | D:7      | Reached skill level 1 in Armour
  4717 | D:7      | Reached skill level 12 in Unarmed Combat
  5160 | D:8      | HP: 4/83 [something (2)]
  5160 | D:8      | Slain by a sky beast

Vault maps used:
D:1:      dpeg_arrival_short_road
D:2:      first_bread, minmay_close_crescents
D:3:      minmay_misc_feat_iff
D:4:      minitemple, item_on_display_a
D:5:      minmay_temple_entry_hall, serial_shops, shop, uniq_sigmund,
          uniq_pikel, uniq_grinder, uniq_menkaure
D:6:      uniq_eustachio
D:7:      serial_glass, glass_columns_b, glass_columns_b, grunt_livestock,
          hangedman_decor_clover_reticule
D:8:      basic_altar, uniq_grum
Temple:   regret_index_temple_waves

Skill      XL: |  1  2  3  4  5  6  7  8  9 |
---------------+----------------------------+-----
Unarmed Combat | 4 5 6 8 9 11 12 | 12.3
Dodging        | 3 4 |  4.8
Fighting       | 3 |  3.3
Armour         | 2 |  2.1
Stealth        | |  1.0

Action                   |  1- 3 |  4- 6 |  7- 9 || total
-------------------------+-------+-------+-------++-------
Melee: Unarmed           |   108 |   142 |   172 ||   422
       Punch             |     2 |     4 |     7 ||    13
  Use: Scroll            |       |     6 |     2 ||     8
 Stab: Sleeping          |     2 |     4 |     4 ||    10
  Eat: Chunk             |    15 |    15 |    23 ||    53
Armor: Robe              |    33 |    26 |    27 ||    86
Dodge: Dodged            |    71 |    65 |    64 ||   200
Block: Other             |       |     9 |    16 ||    25
       Reflection        |       |       |     1 ||     1
